 Dungeon Crawl Stone Soup version 0.29.1-15-g9cfb28693d (webtiles) character file.

Game seed: 9268107725557156734

127193 raph the Devastator (level 16, -3/94 HPs)
             Began as a Deep Elf Conjurer on Apr 30, 2023.
             Was a High Priest of Sif Muna.
             Shot with an arrow by a satyr (13 damage)
             ... on level 4 of the Shoals.
             The game lasted 01:24:25 (45732 turns).

raph the Devastator (Deep Elf Conjurer)            Turns: 45732, Time: 01:24:26

Health: -3/94      AC: 16    Str:  7    XL:     16   Next: 45%
Magic:  17/45      EV: 18    Int: 38    God:    Sif Muna [*****.]
Gold:   196        SH:  5    Dex: 15    Spells: 4/43 levels left

rFire   . . .      SeeInvis .   m - +9 hand axe of Balance {pain, MP+9 Str+3 Dex+2}
rCold   . . .      Faith    .   A - +0 buckler
rNeg    . . .      Spirit   .   H - +3 steam dragon scales
rPois   .          Reflect  .   p - +1 helmet
rElec   +          Harm     .   c - +1 cloak "Ehurheje" {rElec}
rCorr   .          Rampage  .   y - +1 pair of gloves
Will    +....                   q - +1 pair of boots
Stlth   ++++......              h - amulet of regeneration
HPRegen 1.05/turn               f - ring of flight
MPRegen 0.29/turn               N - +6 ring of intelligence

@: brilliant, lethally poisoned (-3 -> -9), afraid, marked, channelling, flying,
mesmerised
A: no striking features
a: Renounce Religion, Channel Magic, Forget Spell, Divine Exegesis


You were on level 4 of the Shoals.
You worshipped Sif Muna.
Sif Muna was extremely pleased with you.
You visited 4 branches of the dungeon, and saw 26 of its levels.

You collected 2512 gold pieces.
You spent 2316 gold pieces at shops.

Inventory:

Hand Weapons
 a - a +3 dagger of venom
 m - the +9 hand axe of Balance (weapon) {pain, MP+9 Str+3 Dex+2}
   (You bought it in a shop on level 2 of the Orcish Mines)

   In the hands of one skilled in necromantic magic, it inflicts extra damage on
   living creatures.
   Str:       It affects your strength (+3).
   Dex:       It affects your dexterity (+2).
   MP:        It affects your magic capacity (+9).
Missiles
 l - 66 poisoned darts
 o - 2 throwing nets
Armour
 c - the +1 cloak "Ehurheje" (worn) {rElec}
   (You acquired it on level 3 of the Dungeon)

   rElec:     It insulates you from electricity.
 p - a +1 helmet (worn)
 q - a +1 pair of boots (worn)
 y - a +1 pair of gloves (worn)
 A - a +0 buckler (worn)
 H - +3 steam dragon scales (worn)
Jewellery
 b - a ring of fire
 f - a ring of flight (left hand)
 h - an amulet of regeneration (around neck)
 w - a +6 ring of dexterity
 N - a +6 ring of intelligence (right hand)
 T - a ring of willpower
 Z - a ring of protection from fire
Wands
 D - a wand of paralysis (25)
 G - a wand of iceblast (11)
 J - a wand of flame (7)
 V - a wand of digging (8)
 X - a wand of mindburst (2)
Scrolls
 g - a scroll of enchant weapon
 u - 3 scrolls of magic mapping
 v - a scroll of amnesia
 C - a scroll of summoning
 F - a scroll of blinking
 K - 3 scrolls of teleportation
 O - 7 scrolls of fear
 U - 2 scrolls of brand weapon
Potions
 d - a potion of magic
 e - 6 potions of mutation
 i - 3 potions of haste
 j - 2 potions of heal wounds
 k - 6 potions of lignification
 n - 2 potions of cancellation
 r - 4 potions of attraction
 s - 5 potions of might
 t - 3 potions of brilliance
 x - 5 potions of ambrosia
 z - 14 potions of curing
 E - 4 potions of invisibility
 Q - 4 potions of flight
 R - 3 potions of resistance
 S - 2 potions of berserk rage
Miscellaneous
 W - a phantom mirror
 Y - a box of beasts


   Skills:
 + Level 8.5 Fighting
 + Level 12.3 Dodging
 + Level 7.9 Stealth
 - Level 5.5 Shields
 + Level 14.2 Spellcasting
 * Level 16.8 Conjurations
 - Level 4.5 Hexes
 - Level 5.5 Translocations
 + Level 5.2 Fire Magic
 + Level 10.6 Earth Magic
 + Level 13.0 Invocations
 + Level 5.3 Evocations


You had 4 spell levels left.
You knew the following spells:

 Your Spells              Type           Power      Damage    Failure   Level
a - Magic Dart            Conj           100%       1d8       0%          1
b - Anguish               Hex/Necr       30%        N/A       7%          4
c - Fireball              Conj/Fire      52%        3d20      1%          5
d - Fulminant Prism       Conj/Hex       52%        3d23      1%          4
e - Iskenderun's Mystic   Conj/Tloc      100%       2d19      1%          4
f - Stone Arrow           Conj/Erth      100%       3d13      1%          3
g - Leda's Liquefaction   Hex/Erth       45%        N/A       1%          4
h - Blink                 Tloc           100%       N/A       1%          2
i - Manifold Assault      Tloc           80%        N/A       4%          5
j - Orb of Destruction    Conj           62%        9d15      1%          7

Your spell library contained the following spells:

 Spells                   Type           Power      Damage    Failure   Level
 Searing Ray              Conj           100%       2d8       0%          2
 Apportation              Tloc           100%       N/A       1%          1
 Foxfire                  Conj/Fire      100%       2x1d9     1%          1
 Necrotise                Necr           100%       1d9       1%          1
 Sandblast                Erth           100%       2d20      1%          1
 Shock                    Conj/Air       100%       1d9       1%          1
 Ensorcelled Hibernation  Hex/Ice        100%       N/A       1%          2
 Passwall                 Tmut/Erth      65%        N/A       1%          2
 Static Discharge         Conj/Air       94%        3-15/arc  1%          2
 Dazzling Flash           Conj/Hex       100%       N/A       1%          3
 Gell's Gravitas          Tloc           80%        N/A       1%          3
 Lesser Beckoning         Tloc           80%        N/A       1%          3
 Mephitic Cloud           Conj/Pois/Air  81%        N/A       1%          3
 Portal Projectile        Hex/Tloc       100%       N/A       1%          3
 Teleport Other           Tloc           80%        N/A       1%          3
 Animate Armour           Summ/Erth      100%       N/A       1%          4
 Hailstorm                Conj/Ice       94%        3d19      1%          4
 Passage of Golubria      Tloc           80%        N/A       1%          4
 Petrify                  Tmut/Erth      79%        N/A       1%          4
 Sticky Flame             Conj/Fire      100%       2d11      1%          4
 Call Canine Familiar     Summ           40%        N/A       4%          3
 Frozen Ramparts          Ice            80%        1d13      4%          3
 Spider Form              Tmut/Pois      40%        N/A       4%          3
 Vampiric Draining        Necr           40%        2d8       4%          3
 Airstrike                Air            20%        2d(3-19)  17%         4
 Dispel Undead            Necr           40%        3d16      17%         4
 Ice Form                 Ice/Tmut       40%        N/A       17%         4
 Summon Ice Beast         Ice/Summ       40%        N/A       17%         4
 Summon Lightning Spire   Summ/Air       40%        N/A       17%         4
 Iskenderun's Battlesphe  Conj           100%       2d15      1%          5
 Lee's Rapid Deconstruct  Erth           52%        3d25*     1%          5
 Lightning Bolt           Conj/Air       47%        1d67      1%          5
 Conjure Ball Lightning   Conj/Air       47%        3x3d16    9%          6
 Metabolic Englaciation   Hex/Ice        30%        N/A       19%         5
 Silence                  Hex/Air        30%        N/A       19%         5
 Dispersal                Tloc           40%        N/A       26%         6
 Statue Form              Tmut/Erth      52%        N/A       28%         6
 Lehudib's Crystal Spear  Conj/Erth      57%        10d13     36%         8
 Spellforged Servitor     Conj/Summ      47%        N/A       41%         7
 Agony                    Necr           40%        N/A       43%         5
 Alistair's Intoxication  Tmut/Pois      26%        N/A       43%         5
 Enfeeble                 Hex            37%        N/A       92%         7
 Haunt                    Necr/Summ      20%        N/A       100%        7
 Borgnjor's Revivificati  Necr           20%        N/A       100%        8
 Necromutation            Tmut/Necr      20%        N/A       100%        8
 Chain Lightning          Conj/Air       47%        3d62      100%        9
 Death's Door             Necr           20%        N/A       100%        9


Dungeon Overview and Level Annotations

Branches:
Dungeon (15/15)            Temple (0/1) D:4            Lair (5/5) D:9
 Shoals (4/4) Lair:3        Snake (0/4) Lair:3          Orc (2/2) D:9
    Elf (0/3) Orc:2        Vaults (0/5) D:13         Depths (0/4) D:15
  Slime: Lair:4-5

Altars:
Ashenzari
Cheibriados
Fedhas
Kikubaaqudgha
Makhleb
Sif Muna
Vehumet
Wu Jian
The Shining One

Shops:
D:2 (   D:3 [   D:5 (   D:14 ?   Orc:1 [   Orc:2 [**(   Shoals:1 *([*
Shoals:2 *

Portals:
Trove: D:10 (give 14 scrolls of teleportation)

Annotations:
D:5 3 runed translucent doors, Rye's ghost, amateur HuFi
D:11 exclusions: obsidian statue and orange crystal statue
D:13 4 runed translucent doors
Lair:4 exclusion: 5 oklob plants
Shoals:1 1 runed translucent door, Heh's ghost, adept DsGl
Orc:2 1 runed translucent door, MrClown's ghost, journeyman DsNe


Message History

The satyr is knocked back by the mystic blast.
The satyr slams into the stone wall!
The satyr is heavily wounded.
The mystic blast hits the merfolk impaler.
The merfolk impaler is almost dead.
The merfolk impaler is knocked back by the mystic blast.
The merfolk impaler collides with the satyr!
The satyr is lightly wounded.
The merfolk impaler is almost dead.
The mystic blast hits the harpy!
You kill the harpy!
Sif Muna accepts your kill.
The mystic blast hits the harpy!!
You kill the harpy!
Sif Muna accepts your kill.
You feel sick.
A harpy comes into view.
The faun gestures at you while chanting.
You easily resist.
The satyr plays a rousing melody on his pipes!
The fauns go into a battle-frenzy!
The water nymph casts a spell at you. The water rises up and strikes you!
* * * LOW HITPOINT WARNING * * *
The merfolk siren hits the plant with a +0 spear!
The merfolk impaler hits you from afar with a +1 trident of venom.
* * * LOW HITPOINT WARNING * * *
You are more poisoned.
Casting: Iskenderun's Mystic Blast (safe; 1% risk of failure)
Confirm with . or Enter, or press ? or * to list all spells.
You feel a surge of power!
You erupt in a blast of force!
The mystic blast hits the merfolk impaler!!
You kill the merfolk impaler!
Sif Muna accepts your kill.
* * * LOW HITPOINT WARNING * * *
You feel very sick.
A merfolk comes into view. It is wielding a +0 trident.
The satyr unwields a +0 quarterstaff.
The satyr wields a +3 longbow.
The satyr shoots an arrow.
The arrow hits you!
You die...

≈~~).##,.#..#..~.~..##***~~~~~~~~
≈~~~~#.##...#.m(...#.##.~~~~~~~~~
≈~~~~~~~~)C~#...#~~~~~~~~~~~~~~~~
≈~~~~~..~.~~##m##.~..<.~~~~~~~~~~
≈~~~~~.<.....ccc.m.....~~~~~~~~~~
≈~~~~...).).Hm..cPP.PP..~~~~~~~~~
≈~~~~...##....)))..#*PP.~~~~~~~~~
≈≈~~~....#...m..†~~##..P~~~~~~~~~
≈≈≈~~~........†.@~~~mP.~~~~~~~~~~
≈≈≈≈~~~...÷.....~~~~~P~~~~~~~~~~~
≈≈≈≈≈~~~~~~~~~)~~~~~~~~~~~~~~~~~~
≈≈≈≈≈≈≈≈≈≈≈≈≈≈≈≈≈≈≈≈≈≈≈≈≈~~~~~~~~
≈≈≈≈≈≈≈≈≈≈≈≈≈≈≈≈≈≈≈≈≈≈≈≈≈~~~~~~~~
≈≈≈≈≈≈≈≈≈≈≈≈≈≈≈≈≈≈≈≈≈≈≈≈≈~~~~~~~~
~≈≈≈≈≈≈≈≈≈≈≈≈≈≈≈≈≈≈≈≈≈≈≈≈~~~~~~~~
~~≈≈≈≈≈≈≈≈≈≈≈≈≈≈≈≈≈≈≈≈≈≈≈~~~~~~~~
~~~~≈≈≈≈≈≈≈≈≈≈≈≈≈≈≈≈≈≈≈≈≈~~~~~~~~


You could see 2 satyrs, 4 merfolk, 2 fauns, a cyclops, a merfolk siren
(mesmerising), a water nymph and a harpy.

Vanquished Creatures
  Rupert (D:14)
  Jorgrun (D:13)
  Mlioglotl (Shoals:3)
  Kirke (D:14)
  An emperor scorpion (D:15)
  An orc warlord (Orc:1)
  Azrael (D:13)
  Snorg (D:14)
  A dire elephant (D:15)
  7 merfolk impalers
  2 merfolk javelineers (Shoals:3)
  A spectral kraken (Shoals:3)
  A boulder beetle (D:14)
  9 hydras
  2 merfolk avatars
  An alligator snapping turtle (Shoals:3)
  3 ghost crabs (Shoals:3)
  6 centaur warriors
  An ogre mage (D:15)
  2 dancing weapons (D:13)
  2 satyrs
  A merfolk aquamancer (Shoals:2)
  A two-headed ogre (D:11)
  4 death yaks (Lair:5)
  4 orc high priests (Orc:2)
  10 sea snakes
  A lindwurm (Lair:3)
  9 harpies (Shoals:4)
  4 orc knights (Orc:2)
  4 deep elf pyromancers
  4 fauns (Shoals:1)
  6 cyclopes
  9 ugly things
  10 manticores
  4 orc sorcerers (Orc:2)
  A salamander (D:15)
  7 merfolk sirens
  18 elephants
  13 cane toads
  5 water nymphs
  2 black mambas
  5 torpor snails
  3 gargoyles
  A spectral sea snake (Shoals:3)
  Maggie (D:8)
  2 rime drakes
  A spectral water nymph (Shoals:3)
  An efreet (D:15)
  15 komodo dragons
  8 trolls
  A queen bee (D:11)
  23 merfolk
  3 wind drakes
  6 polar bears
  2 spectral merfolk (Shoals:3)
  9 blink frogs (Lair:5)
  5 slime creatures (D:14)
  7 hornets
  6 snapping turtles
  14 spriggans (Lair:5)
  5 water elementals
  3 wyverns
  A vampire (D:10)
  A wraith (D:12)
  61 yaks
  4 fire elementals
  4 vampire mosquitoes (D:13)
  7 basilisks
  3 wargs
  4 nagas (Lair:3)
  A spectral snapping turtle (Shoals:3)
  Duvessa (D:7)
  12 water moccasins
  An acid dragon (D:13)
  A hell hound (D:14)
  3 ice beasts
  16 orc warriors
  8 black bears
  5 boggarts (Lair:5)
  31 wolves
  13 ogres
  12 centaurs
  A phantom (D:7)
  2 kobold brigands
  6 necrophages
  8 bullfrogs
  2 gnoll sergeants
  2 scorpions (D:5)
  Dowan (D:7)
  22 killer bees
  2 howler monkeys
  3 electric eels
  6 hounds
  A jelly (D:6)
  24 orc priests
  A gnoll bouda (D:6)
  Terence (D:2)
  20 iguanas
  27 orc wizards
  5 adders
  15 gnolls
  13 white imps
  A worm (D:3)
  3 dart slugs (D:1)
  80 orcs
  5 ball pythons
  3 bat zombies (D:14)
  6 endoplasms
  9 giant cockroaches
  9 goblins
  9 hobgoblins
  4 jackals
  25 kobolds
  3 quokkas
  4 bats
  21 frilled lizards
  3 rats (D:1)
  A rat zombie (D:14)
  A butterfly (Lair:4)
  A tentacle (Shoals:3)
823 creatures vanquished.

Vanquished Creatures (others)
  2 bushes (Lair:2)
  93 fulminant prisms
  47 fungi
  126 plants
  8 tentacles (Shoals:3)
  9 withered plants (Shoals:3)
285 creatures vanquished.

Grand Total: 1108 creatures vanquished

Notes
Turn   | Place    | Note
-------+----------+-------------------------------------------
     0 | D:1      | raph the Deep Elf Conjurer began the quest for the Orb.
     0 | D:1      | Reached XP level 1. HP: 10/10 MP: 6/6
   211 | D:1      | Reached XP level 2. HP: 15/15 MP: 4/8
   214 | D:1      | Learned a level 2 spell: Searing Ray
   265 | D:1      | Reached skill level 5 in Conjurations
   948 | D:1      | Reached XP level 3. HP: 19/19 MP: 5/10
  1118 | D:1      | Learned a level 3 spell: Dazzling Flash
  1120 | D:1      | Found a faded altar of an unknown god.
  2509 | D:2      | Found Udofiop's Antique Weapon Boutique.
  2739 | D:2      | Reached XP level 4. HP: 24/24 MP: 8/12
  2772 | D:2      | Learned a level 4 spell: Fulminant Prism
  2885 | D:2      | Noticed Terence
  2890 | D:2      | Killed Terence
  2891 | D:2      | Reached skill level 1 in Hexes
  3589 | D:3      | Reached skill level 6 in Conjurations
  3592 | D:3      | Reached XP level 5. HP: 28/28 MP: 4/14
  3892 | D:3      | Found Saletodo's Armour Shoppe.
  3936 | D:3      | Reached skill level 5 in Spellcasting
  4668 | D:3      | Learned a level 4 spell: Iskenderun's Mystic Blast
  4668 | D:3      | Identified a scroll of acquirement
  4668 | D:3      | Acquired the +1 cloak "Ehurheje" {rElec}
  4695 | D:3      | Found a radiant altar of Vehumet.
  4720 | D:3      | Found a shimmering blue altar of Sif Muna.
  4746 | D:3      | Became a worshipper of Sif Muna the Loreminder
  5032 | D:4      | Reached XP level 6. HP: 32/32 MP: 10/15
  5809 | D:4      | Reached skill level 7 in Conjurations
  5980 | D:4      | Found a staircase to the Ecumenical Temple.
  6300 | D:5      | Entered Level 5 of the Dungeon
  6305 | D:5      | Found Ahodafil's Weapon Boutique.
  6400 | D:3      | Bought a +0 helmet for 63 gold pieces
  6499 | D:5      | Noticed an ice beast
  6503 | D:5      | Killed an ice beast
  6504 | D:5      | Reached XP level 7. HP: 37/37 MP: 11/17
  6791 | D:5      | Reached * piety under Sif Muna
  6792 | D:5      | Reached skill level 1 in Fighting
  6866 | D:5      | Reached skill level 8 in Conjurations
  6992 | D:5      | Found a runed translucent gate.
  6993 | D:5      | Found a runed translucent gate.
  6994 | D:5      | Found a runed translucent gate.
  6996 | D:5      | Noticed Rye's ghost (amateur HuFi)
  7248 | D:5      | Learned a level 3 spell: Stone Arrow
  7447 | D:5      | Reached XP level 8. HP: 43/43 MP: 14/19
  7454 | D:5      | Reached skill level 1 in Invocations
  7930 | D:6      | Reached skill level 1 in Earth Magic
  8524 | D:6      | Identified the +5 hand axe of Imbalance {antimagic, rC+
                  | rN+++ Dex-4}
  8904 | D:7      | Reached ** piety under Sif Muna
  9070 | D:7      | Reached skill level 9 in Conjurations
  9163 | D:7      | Found a blossoming altar of Fedhas.
  9163 | D:7      | Found a burning altar of Makhleb.
  9208 | D:7      | Noticed Dowan
  9214 | D:7      | Killed Dowan
  9215 | D:7      | Noticed Duvessa
  9293 | D:7      | Killed Duvessa
  9305 | D:7      | Reached skill level 5 in Dodging
  9305 | D:7      | Reached XP level 9. HP: 48/49 MP: 2/22
  9696 | D:3      | Bought a +1 pair of gloves for 161 gold pieces
 10389 | D:8      | Noticed Maggie
 10397 | D:8      | Killed Maggie
 11010 | D:8      | Found an ornate altar of the Wu Jian Council.
 11090 | D:9      | Reached skill level 10 in Conjurations
 11102 | D:9      | Learned a level 4 spell: Leda's Liquefaction
 11178 | D:9      | Found a staircase to the Lair.
 11178 | D:9      | Noticed an elephant
 11188 | D:9      | Killed an elephant
 11189 | D:9      | Reached skill level 5 in Invocations
 11189 | D:9      | Reached XP level 10. HP: 48/56 MP: 7/24
 11832 | D:9      | Found a staircase to the Orcish Mines.
 11983 | D:9      | Found a broken altar of Ashenzari.
 12452 | D:9      | Reached *** piety under Sif Muna
 12739 | D:10     | Entered Level 10 of the Dungeon
 12763 | D:10     | Noticed a green ugly thing
 12825 | Lair:1   | Entered Level 1 of the Lair of Beasts
 12930 | Lair:1   | Reached skill level 5 in Earth Magic
 12932 | Lair:1   | Reached skill level 11 in Conjurations
 13364 | Lair:1   | Noticed a black mamba
 13368 | Lair:1   | Killed a black mamba
 13651 | Lair:2   | Noticed an eight-headed hydra
 13862 | Lair:2   | Noticed a five-headed hydra
 13893 | Lair:2   | Killed a five-headed hydra
 13894 | Lair:2   | Reached XP level 11. HP: 62/62 MP: 9/26
 14141 | Lair:2   | Killed an eight-headed hydra
 14789 | Lair:2   | Identified the +1 spear of Tuceuss {vorpal, Str+3}
 15065 | Lair:2   | Reached skill level 10 in Spellcasting
 15065 | Lair:2   | Reached skill level 12 in Conjurations
 15167 | Lair:3   | Noticed a lindwurm
 15174 | Lair:3   | Killed a lindwurm
 15175 | Lair:3   | Reached skill level 5 in Fighting
 15345 | Lair:3   | Reached **** piety under Sif Muna
 15707 | Lair:3   | Reached XP level 12. HP: 49/68 MP: 14/28
 15806 | Lair:3   | Learned a level 2 spell: Blink
 15812 | Lair:3   | Learned a level 5 spell: Manifold Assault
 15944 | Lair:3   | Reached skill level 1 in Translocations
 16010 | Lair:3   | Found a staircase to the Snake Pit.
 16214 | Lair:3   | Reached skill level 13 in Conjurations
 16887 | Lair:3   | Reached skill level 10 in Invocations
 17395 | Lair:3   | Reached ***** piety under Sif Muna
 17475 | Lair:3   | Found a staircase to the Shoals.
 18112 | Lair:4   | Received a gift from Sif Muna
 18123 | Lair:4   | Got Sif Muna's Compilation of Frigorific Blasting {god
                  | gift}
 18234 | Lair:4   | Reached XP level 13. HP: 30/74 MP: 20/30
 18558 | Lair:4   | Found a snail-covered altar of Cheibriados.
 18744 | Lair:4   | Reached skill level 5 in Translocations
 19513 | Lair:5   | Entered Level 5 of the Lair of Beasts
 19727 | Lair:5   | Learned a level 7 spell: Orb of Destruction
 19739 | Lair:5   | Reached skill level 14 in Conjurations
 20471 | Lair:5   | Reached skill level 10 in Dodging
 21276 | Lair:5   | Received a gift from Sif Muna
 21277 | Lair:5   | Got Sif Muna's Omnibus of Creative Death {god gift}
 22334 | Lair:5   | Reached skill level 1 in Shields
 22579 | Lair:5   | Reached XP level 14. HP: 82/82 MP: 25/32
 22644 | Lair:5   | Learned a level 5 spell: Fireball
 26169 | Orc:1    | Entered Level 1 of the Orcish Mines
 26169 | Orc:1    | Found Arphac's Antique Armour Shoppe.
 26356 | Orc:1    | Bought a steaming hat for 207 gold pieces
 26356 | Orc:1    | Identified the +0 hat "Tucoab" {rN+ Str+2} (You bought it
                  | in a shop on level 1 of the Orcish Mines)
 26357 | Orc:1    | Bought an ancient leather armour for 161 gold pieces
 26357 | Orc:1    | Identified the +1 leather armour of Surprise {Rampage *Slow
                  | rN+++ Str+5} (You bought it in a shop on level 1 of the
                  | Orcish Mines)
 26357 | Orc:1    | Bought a slimy leather armour for 161 gold pieces
 26357 | Orc:1    | Identified the +3 leather armour of Distant Shores {+Inv
                  | rN+ Str-4} (You bought it in a shop on level 1 of the
                  | Orcish Mines)
 26378 | Orc:1    | You fall into a shaft and drop 1 floor!
 26378 | Orc:2    | Entered Level 2 of the Orcish Mines
 26389 | Orc:1    | Noticed an orc warlord
 26613 | Orc:1    | Killed an orc warlord
 26614 | Orc:1    | Reached skill level 15 in Conjurations
 27393 | Orc:2    | Found Tasutw Zomoff's Weapon Shop.
 27828 | Orc:2    | Found a staircase to the Elven Halls.
 28690 | Orc:2    | Found Besenem's Armour Shop.
 28693 | Orc:2    | Received a gift from Sif Muna
 28694 | Orc:2    | Found Wejuyxax's General Store.
 28699 | Orc:2    | Found Qad Xaacutz's Assorted Antiques.
 29281 | Orc:2    | Bought a potion of heal wounds for 170 gold pieces
 29345 | Orc:2    | Found a runed translucent door.
 29389 | Orc:2    | Noticed MrClown's ghost (journeyman DsNe)
 30252 | D:10     | Found a portal to a secret trove of treasure.
 32370 | Orc:2    | Bought a scroll of amnesia for 52 gold pieces
 32386 | Orc:2    | Reached skill level 1 in Fire Magic
 32920 | D:12     | Reached skill level 1 in Evocations
 33146 | D:12     | Reached skill level 5 in Stealth
 33496 | D:12     | Identified the +6 glaive "Zeywus" {vorpal, rElec rC+ MP+9
                  | Str+4}
 33738 | D:13     | Found a gate to the Vaults.
 33753 | D:13     | Received a gift from Sif Muna
 33756 | D:13     | Got Kunocsowk's Parchment of Conjuring and Sculpting {god
                  | gift}
 33870 | D:13     | Found Odikhiuf's Jewellery Emporium.
 34780 | D:13     | Reached XP level 15. HP: 87/87 MP: 26/34
 35001 | D:13     | Found a huge runed translucent gate.
 35002 | D:13     | Found a huge runed translucent gate.
 35002 | D:13     | Found a huge runed translucent gate.
 35002 | D:13     | Found a huge runed translucent gate.
 35185 | D:13     | Noticed Jorgrun
 35204 | D:13     | Killed Jorgrun
 35618 | D:14     | Noticed Azrael
 35630 | D:13     | Killed Azrael
 35898 | D:14     | Noticed Snorg
 35911 | D:14     | Killed Snorg
 36039 | D:14     | Found Zueloe's Magic Scroll Shoppe.
 36108 | D:14     | Bought a scroll of enchant armour for 97 gold pieces
 36233 | D:14     | Found an ancient bone altar of Kikubaaqudgha.
 36291 | D:14     | Noticed Rupert
 36361 | D:14     | Killed Rupert
 36441 | D:14     | Noticed Kirke
 36446 | D:14     | Killed Kirke
 37286 | D:15     | Entered Level 15 of the Dungeon
 37421 | D:15     | Noticed an emperor scorpion
 37438 | D:15     | Killed an emperor scorpion
 37474 | D:15     | Found a staircase to the Depths.
 37682 | D:15     | Reached skill level 5 in Shields
 37682 | D:15     | Reached skill level 16 in Conjurations
 38019 | D:15     | Found a glowing golden altar of the Shining One.
 39053 | Shoals:1 | Entered Level 1 of the Shoals
 39056 | Shoals:1 | Reached skill level 10 in Earth Magic
 39464 | Shoals:1 | Found a runed translucent door.
 39468 | Shoals:1 | Noticed Heh's ghost (adept DsGl)
 39537 | Shoals:1 | Found Soimaguq's Assorted Antiques.
 39804 | Orc:2    | Bought the +9 hand axe of Balance {pain, MP+9 Str+3 Dex+2}
                  | for 1244 gold pieces
 39841 | Orc:2    | Learned a level 4 spell: Anguish
 40152 | Shoals:1 | Found Ruurhorph's General Store.
 40219 | Shoals:1 | Found Zihosay's Antique Weapon Shoppe.
 40391 | Shoals:1 | Found Acsin's Armour Shop.
 41041 | Shoals:2 | Found Mievasch's Merry Market.
 41359 | Shoals:2 | Received a gift from Sif Muna
 42218 | Shoals:3 | Noticed Mlioglotl
 42221 | Shoals:3 | Noticed a lich
 42418 | Shoals:3 | Reached XP level 16. HP: 93/93 MP: 2/35
 44326 | Shoals:3 | Killed Mlioglotl
 44750 | Shoals:3 | Received a gift from Sif Muna
 45238 | Shoals:4 | Entered Level 4 of the Shoals
 45249 | Shoals:4 | Reached skill level 5 in Evocations
 45564 | Shoals:4 | Reached skill level 5 in Fire Magic
 45732 | Shoals:4 | Shot with an arrow by a satyr

Illustrated notes

Levels and vault maps discovered:
D:1:      lemuel_arrival_room, layout_basic,
          shapermc_ecumenical_altar_totnotflames, minmay_tripent
D:2:      layout_loops_corners, serial_shops, shop, uniq_terence
D:3:      kennysheep_six_static_rooms, layout_loops_ring,
          mainiacjoe_overflow_swirl, serial_shops, shop
D:4:      layout_loops_cross, minmay_temple_entry_hall
D:5:      layout_basic, serial_shops, shop, biasface_ghost_orc_armoury
D:6:      lemuel_ice_spiral_2, layout_rooms, grunt_decor_cap
D:7:      layout_basic, mainiacjoe_overflow_divided_tiny, uniq_duvessa
D:8:      layout_cave_pools, mainiacjoe_overflow_alcove_1, uniq_maggie
D:9:      layout_cave_pods, nicolae_ashenzari_skybound, david_lair_generic,
          minmay_orc_entry_temple_large, roderic_lattice_a
D:10:     layout_gridville, nicolae_trove_entry_crystal
D:11:     layout_roguey, special_room [special_room_bee], david_greed
D:12:     layout_layer_cave
D:13:     lemuel_bear_cage, layout_stronghold, erik_vaults_1,
          portal_ice_cave_entry_imps, minmay_shop_enchanted_jewellery,
          nicolae_splish_splash, uniq_jorgrun
D:14:     layout_rooms, patterned_corridor, serial_shops, shop_coins,
          lemuel_zombie_altar_kikubaaqudgha, uniq_azrael, uniq_rupert,
          uniq_kirke, uniq_snorg
D:15:     hangedman_depths_entry_try_elsewhere_first, layout_gridville,
          nicolae_tso_swordbearing_angel
Lair:1:   layout_chaotic_city
Lair:2:   layout_roguey, dreamdust_mushroom_princess, minmay_hedge_maze,
          chequers_serial_rivers_marsh
Lair:3:   lemuel_reptile_caves, layout_hall_layers,
          minmay_shoals_entry_lonely_mermaid, guppyfry_snake_entry_island,
          st_stairs_13, roderic_carrion_pond
Lair:4:   layout_regular_city, minmay_slime_entry_oklob_open,
          kennysheep_snail_temple, grunt_megastairs_4, lemuel_fruit_fields,
          infiniplex_staircase_pool
Lair:5:   minmay_lair_end_enchanted_forest, layout_hall_layers, serial_forest,
          infiniplex_forest_end_1, infiniplex_forest_straight_5,
          infiniplex_forest_straight_2, infiniplex_forest_clump_medium,
          infiniplex_forest_lined_4_way, infiniplex_forest_clump_tiny,
          infiniplex_forest_clump_double, lemuel_fruit_tree
Shoals:1: cheibrodos_shoals_oceanic_diplomacy, layout_shoals,
          hellmonk_ghost_happy_afterlife, serial_shops, nicolae_shop_stone,
          shop, nicolae_take_the_stairs, shop
Shoals:2: layout_shoals, nicolae_alphabet_shops
Shoals:3: layout_shoals, nicolae_shoals_spectral_cove, uniq_mlioglotl
Shoals:4: shoals_end_hellmonk_lost_city, uniq_bai_suzhen
Orc:1:    layout_caves, serial_shops, shop
Orc:2:    st_orc_elflike, layout_caves, ebering_ghost_reflecting_pool,
          minmay_orc_temple_c

Skill      XL: |  1  2  3  4  5  6  7  8  9 10 11 12 13 14 15 16 |
---------------+-------------------------------------------------+-----
Conjurations   | 5 6 7 8 9 10 11 12 13 14 15 16 | 16.8
Spellcasting   | 4 5 6 7 8 9 10 11 12 13 14 | 14.2
Hexes          | 1 2 3 4 |  4.5
Dodging        | 3 5 6 7 8 9 10 11 12 | 12.3
Fighting       | 1 2 3 4 5 6 7 8 |  8.5
Invocations    | 2 5 7 9 10 11 12 13 | 13.0
Earth Magic    | 2 4 5 6 7 8 9 10 | 10.6
Translocations | 4 5 |  5.5
Shields        | 1 4 5 |  5.5
Stealth        | 5 7 |  7.9
Fire Magic     | 2 4 5 |  5.2
Evocations     | 2 4 5 |  5.3

Action                   |  1- 3 |  4- 6 |  7- 9 | 10-12 | 13-15 | 16-18 || total
-------------------------+-------+-------+-------+-------+-------+-------++-------
Melee: Dagger            |     3 |     8 |     2 |   195 |    92 |       ||   300
       Punch             |       |       |       |     4 |       |       ||     4
       Hand axe          |       |       |       |       |     6 |     3 ||     9
 Cast: Magic Dart        |    46 |     9 |    18 |    11 |    10 |       ||    94
       Searing Ray       |    21 |    40 |    33 |    46 |     3 |       ||   143
       Fulminant Prism   |       |    12 |    19 |    39 |    23 |       ||    93
       Stone Arrow       |       |       |    34 |    39 |    73 |     4 ||   150
       Iskenderun's Myst |       |       |     6 |    77 |   115 |    54 ||   252
       Leda's Liquefacti |       |       |     1 |    19 |    15 |       ||    35
       Manifold Assault  |       |       |       |     6 |     7 |       ||    13
       Orb of Destructio |       |       |       |       |   222 |    41 ||   263
       Fireball          |       |       |       |       |    92 |    10 ||   102
Invok: Channel Magic     |       |       |       |     9 |    10 |     1 ||    20
Evoke: Wand              |       |       |       |       |     2 |     2 ||     4
  Use: Scroll            |     6 |    10 |     8 |     8 |     9 |     1 ||    42
       Potion            |       |       |       |       |     2 |     1 ||     3
 Stab: Sleeping          |       |     1 |       |     1 |     5 |       ||     7
       Distracted        |       |       |       |     1 |       |       ||     1
Armor: Robe              |     2 |     4 |     7 |       |       |       ||    13
       Leather armour    |       |       |     2 |       |       |       ||     2
       Steam dragon scal |       |       |     5 |    94 |    73 |    33 ||   205
Dodge: Dodged            |     8 |    15 |    32 |   187 |   155 |    69 ||   466
Block: Buckler           |       |       |       |       |    47 |    20 ||    67
